3AAA
SANTA BARBARA GOLDEN CRANES @ NAPERVILLE BATTLEKINGS
09/02/2026
 
TOP OF THE 1ST
Santa Barbara Golden Cranes batting - Pitching for Naperville Battlekings : RHP Gordon Neugebauer
Pitching: RHP Gordon Neugebauer
Batting: RHB Luis Trevino 0-0: Bunt for hit - play at first, batter safe!
Batting: RHB Ángel Ruezga 0-0: Ball
1-0: Foul Ball, location: 2F
1-1: Ball
2-1: Ball
3-1: Called Strike
3-2: Foul Ball, location: 2F
3-2: Base on Balls
Luis Trevino to second
Batting: LHB Sixto Álvarez 0-0: Ball
1-0: Ball
2-0: Foul Ball, location: 2F
2-1: Grounds into double play, 4-6-3 (Groundball, 4)
Luis Trevino to third
Batting: RHB Logan Manning 0-0: Called Strike
0-1: Swinging Strike
0-2: Hit by Pitch
Batting: RHB Rubén Campos 0-0: Called Strike
0-1: Ball
1-1: Called Strike
1-2: Ball
2-2: Foul Ball, location: 2F
2-2: Strikes out looking
Top of the 1st over - 0 run(s), 1 hit(s), 0 error(s), 2 left on base; Santa Barbara 0 - Naperville 0
BOTTOM OF THE 1ST
Naperville Battlekings batting - Pitching for Santa Barbara Golden Cranes : LHP José Ortíz
Pitching: LHP José Ortíz
Batting: LHB Ricardo Collazo 0-0: Ball
1-0: Called Strike
1-1: Foul Ball, location: 2F
1-2: Ball
2-2: Ball
3-2: Foul Ball, location: 2F
3-2: Strikes out swinging
Batting: SHB Daryl Lloyd 0-0: Fly out, F9 (Flyball, 9LMF)
Batting: SHB Lupo Cotto 0-0: Ball
1-0: Swinging Strike
1-1: Foul Ball, location: 2F
1-2: Ball
2-2: Ball
3-2: Base on Balls
Batting: RHB Jorge Baker 0-0: Ball
1-0: Swinging Strike
1-1: Ball
2-1: Foul Ball, location: 2F
2-2: Strikes out swinging
Bottom of the 1st over - 0 run(s), 0 hit(s), 0 error(s), 1 left on base; Santa Barbara 0 - Naperville 0
TOP OF THE 2ND
Santa Barbara Golden Cranes batting - Pitching for Naperville Battlekings : RHP Gordon Neugebauer
Batting: RHB Lúcio Sánchez 0-0: Foul Ball, location: 2F
0-1: Ground out U3 (Groundball, 3)
Batting: RHB Ángel López 0-0: Called Strike
0-1: Called Strike
0-2: Ball
1-2: Ground out 4-3 (Groundball, 34)
Batting: RHB Pablo Lugo 0-0: Ball
1-0: Called Strike
1-1: DOUBLE (Line Drive, 89D)
Batting: RHB Salvador Noriega 0-0: Ball
1-0: Foul Ball, location: 2F
1-1: Ground out 5-3 (Groundball, 56)
Top of the 2nd over - 0 run(s), 1 hit(s), 0 error(s), 1 left on base; Santa Barbara 0 - Naperville 0
BOTTOM OF THE 2ND
Naperville Battlekings batting - Pitching for Santa Barbara Golden Cranes : LHP José Ortíz
Batting: LHB Naohiro Sakai 0-0: Called Strike
0-1: Ball
1-1: Called Strike
1-2: Ground out 3-1 (Groundball, 34)
Batting: RHB António Guzmán 0-0: Called Strike
0-1: Swinging Strike
0-2: Ball
1-2: Ball
2-2: Ball
3-2: Base on Balls
Batting: RHB Jay Hood 0-0: Called Strike
0-1: Ball
1-1: Ball
2-1: Swinging Strike
2-2: Ball
3-2: Foul Ball, location: 2F
3-2: Base on Balls
António Guzmán to second
Batting: RHB Álex Rodríguez 0-0: Ball
1-0: Called Strike
1-1: SINGLE (Line Drive, 3)
António Guzmán to third
Jay Hood to second
Batting: RHB Jimmy Dawson 0-0: Called Strike
0-1: Ball
1-1: Foul Ball, location: 2F
1-2: Fly out, F3 (Popup, 3D)
Batting: LHB Ricardo Collazo 0-0: Ball
1-0: Ball
2-0: Called Strike
2-1: Foul Ball, location: 2F
2-2: Strikes out swinging
Bottom of the 2nd over - 0 run(s), 1 hit(s), 0 error(s), 3 left on base; Santa Barbara 0 - Naperville 0
TOP OF THE 3RD
Santa Barbara Golden Cranes batting - Pitching for Naperville Battlekings : RHP Gordon Neugebauer
Batting: RHB Luis Trevino 0-0: Swinging Strike
0-1: Foul Ball, location: 2F
0-2: Strikes out swinging
Batting: RHB Ángel Ruezga 0-0: Foul Ball, location: 2F
0-1: Foul Ball, location: 2F
0-2: Foul Ball, location: 2F
0-2: Ball
1-2: Ground out 5-3 (Groundball, 5L)
Batting: LHB Sixto Álvarez 0-0: Ball
1-0: Fly out, F6 (Line Drive, 6)
Top of the 3rd over - 0 run(s), 0 hit(s), 0 error(s), 0 left on base; Santa Barbara 0 - Naperville 0
BOTTOM OF THE 3RD
Naperville Battlekings batting - Pitching for Santa Barbara Golden Cranes : LHP José Ortíz
Batting: SHB Daryl Lloyd 0-0: Ball
1-0: Foul Ball, location: 2F
1-1: Foul Ball, location: 2F
1-2: Ball
2-2: Ground out 4-3 (Groundball, 4)
Batting: SHB Lupo Cotto 0-0: Swinging Strike
0-1: Ball
1-1: Ball
2-1: Swinging Strike
2-2: SINGLE (Flyball, 8RS)
Batting: RHB Jorge Baker 0-0: Fly out, F9 (Flyball, 9LMF)
Batting: LHB Naohiro Sakai 0-0: Ball
1-0: Foul Ball, location: 2F
1-1: Ball
2-1: Ball
3-1: DOUBLE (Flyball, 89D)
Lupo Cotto to third
Runner from 3rd tries for Home, SAFE, no throw
Batting: RHB António Guzmán 0-0: Foul Ball, location: 2F
0-1: Ball
1-1: Foul Ball, location: 2F
1-2: Foul Ball, location: 2F
1-2: Ball
2-2: Fly out, F7 (Flyball, 7S)
Bottom of the 3rd over - 1 run(s), 2 hit(s), 0 error(s), 1 left on base; Santa Barbara 0 - Naperville 1
TOP OF THE 4TH
Santa Barbara Golden Cranes batting - Pitching for Naperville Battlekings : RHP Gordon Neugebauer
Batting: RHB Logan Manning 0-0: Ball
1-0: Ball
2-0: Foul Ball, location: 2F
2-1: Swinging Strike
2-2: Foul Ball, location: 2F
2-2: Fly out, F8 (Flyball, 8RD)
Batting: RHB Rubén Campos 0-0: Ground out 6-3 (Groundball, 6)
Batting: RHB Lúcio Sánchez 0-0: Swinging Strike
0-1: Swinging Strike
0-2: Foul Ball, location: 2F
0-2: Ball
1-2: Strikes out swinging
Top of the 4th over - 0 run(s), 0 hit(s), 0 error(s), 0 left on base; Santa Barbara 0 - Naperville 1
BOTTOM OF THE 4TH
Naperville Battlekings batting - Pitching for Santa Barbara Golden Cranes : LHP José Ortíz
Batting: RHB Jay Hood 0-0: Foul Ball, location: 2F
0-1: Ball
1-1: Fly out, F3 (Popup, 3L)
Batting: RHB Álex Rodríguez 0-0: Ball
1-0: SINGLE (Flyball, 8LS)
Batting: RHB Jimmy Dawson 0-0: Ball
1-0: Ball
2-0: Foul Ball, location: 2F
2-1: Foul Ball, location: 2F
2-2: Grounds into double play, 6-4-3 (Groundball, 6)
Bottom of the 4th over - 0 run(s), 1 hit(s), 0 error(s), 0 left on base; Santa Barbara 0 - Naperville 1
TOP OF THE 5TH
Santa Barbara Golden Cranes batting - Pitching for Naperville Battlekings : RHP Gordon Neugebauer
Batting: RHB Ángel López 0-0: Ball
1-0: Ball
2-0: Ball
3-0: Base on Balls
Batting: RHB Pablo Lugo 0-0: Called Strike
Ángel López steals 2nd base
0-1: Called Strike
0-2: Strikes out swinging
Batting: RHB Salvador Noriega 0-0: Ball
1-0: Ball
2-0: Ball
3-0: Base on Balls
Batting: RHB Luis Trevino 0-0: Swinging Strike
0-1: Ball
1-1: Foul Ball, location: 2F
1-2: Strikes out swinging
Batting: RHB Ángel Ruezga 0-0: Ball
1-0: Foul Ball, location: 2F
1-1: Called Strike
1-2: Ball
2-2: Strikes out swinging passed ball, reaches first!
Ángel López to third
Salvador Noriega to second
Batting: LHB Sixto Álvarez 0-0: Called Strike
0-1: Foul Ball, location: 2F
0-2: Ball
1-2: Ball
2-2: Foul Ball, location: 2F
2-2: Ball
3-2: Base on Balls
Ángel López scores
Salvador Noriega to third
Ángel Ruezga to second
Batting: RHB Logan Manning 0-0: Ball
1-0: Ball
2-0: Ball
3-0: Foul Ball, location: 2F
3-1: Foul Ball, location: 2F
3-2: Base on Balls
Salvador Noriega scores
Ángel Ruezga to third
Sixto Álvarez to second
Batting: RHB Rubén Campos 0-0: Ball
1-0: Foul Ball, location: 2F
1-1: DOUBLE (Flyball, 7D)
Ángel Ruezga scores
Sixto Álvarez scores
Logan Manning to third
Batting: RHB Lúcio Sánchez 0-0: Called Strike
0-1: Swinging Strike
0-2: Strikes out swinging
Top of the 5th over - 4 run(s), 1 hit(s), 0 error(s), 2 left on base; Santa Barbara 4 - Naperville 1
BOTTOM OF THE 5TH
Naperville Battlekings batting - Pitching for Santa Barbara Golden Cranes : LHP José Ortíz
Batting: LHB Ricardo Collazo 0-0: Ball
1-0: Called Strike
1-1: Ball
2-1: Ball
3-1: Swinging Strike
3-2: Strikes out swinging
Batting: SHB Daryl Lloyd 0-0: Foul Ball, location: 2F
0-1: Ball
1-1: Fly out, F9 (Flyball, 9LS)
Batting: SHB Lupo Cotto 0-0: Called Strike
0-1: Swinging Strike
0-2: Ball
1-2: Fly out, F8 (Flyball, 8RM)
Bottom of the 5th over - 0 run(s), 0 hit(s), 0 error(s), 0 left on base; Santa Barbara 4 - Naperville 1
TOP OF THE 6TH
Santa Barbara Golden Cranes batting - Pitching for Naperville Battlekings : RHP Gordon Neugebauer
Batting: RHB Ángel López 0-0: Fly out, F9 (Line Drive, 89M)
Batting: RHB Pablo Lugo 0-0: Ball
1-0: Foul Ball, location: 2F
1-1: Ball
2-1: Foul Ball, location: 2F
2-2: Ball
3-2: Foul Ball, location: 2F
3-2: SINGLE (Line Drive, 56D)
Pitching: RHP Ramón Elizondo
Batting: RHB Salvador Noriega 0-0: Ball
1-0: Foul Ball, location: 2F
1-1: Foul Ball, location: 2F
1-2: Foul Ball, location: 2F
1-2: Foul Ball, location: 2F
1-2: Strikes out swinging
Batting: RHB Luis Trevino 0-0: Fielders Choice at 2nd, 6-4 (Groundball, 6)
Top of the 6th over - 0 run(s), 1 hit(s), 0 error(s), 0 left on base; Santa Barbara 4 - Naperville 1
BOTTOM OF THE 6TH
Naperville Battlekings batting - Pitching for Santa Barbara Golden Cranes : LHP José Ortíz
Batting: RHB Jorge Baker 0-0: Ball
1-0: Called Strike
1-1: Ball
2-1: Foul Ball, location: 2F
2-2: Ball
3-2: Strikes out looking
Batting: LHB Naohiro Sakai 0-0: Called Strike
0-1: Ball
1-1: Foul Ball, location: 2F
1-2: Ball
2-2: SINGLE (Groundball, 34D)
Batting: RHB António Guzmán 0-0: Foul Ball, location: 2F
0-1: Ball
1-1: Ball
2-1: Ball
3-1: Called Strike
3-2: Base on Balls
Naohiro Sakai to second
Batting: RHB Jay Hood 0-0: Fielders Choice at 2nd, 1-6 (Groundball, P)
Naohiro Sakai to third
Batting: RHB Álex Rodríguez 0-0: Fly out, F8 (Flyball, 8RD)
Bottom of the 6th over - 0 run(s), 1 hit(s), 0 error(s), 2 left on base; Santa Barbara 4 - Naperville 1
TOP OF THE 7TH
Santa Barbara Golden Cranes batting - Pitching for Naperville Battlekings : RHP Ramón Elizondo
Batting: RHB Ángel Ruezga 0-0: Called Strike
0-1: Foul Ball, location: 2F
0-2: Strikes out swinging
Batting: LHB Sixto Álvarez 0-0: Ball
1-0: SINGLE (Groundball, 34D)
Batting: RHB Logan Manning 0-0: Ball
1-0: Foul Ball, location: 2F
1-1: Ball
2-1: Ball
3-1: Called Strike
3-2: Base on Balls
Sixto Álvarez to second
Batting: RHB Rubén Campos 0-0: Ball
1-0: Called Strike
1-1: Ball
2-1: SINGLE (Line Drive, 8LS)
Sixto Álvarez to third
Logan Manning to second
Batting: RHB Lúcio Sánchez 0-0: Swinging Strike
0-1: Fly out, F3 (Popup, 34)
Batting: RHB Ángel López 0-0: Ball
1-0: Foul Ball, location: 2F
1-1: Called Strike
1-2: Strikes out swinging
Top of the 7th over - 0 run(s), 2 hit(s), 0 error(s), 3 left on base; Santa Barbara 4 - Naperville 1
BOTTOM OF THE 7TH
Naperville Battlekings batting - Pitching for Santa Barbara Golden Cranes : LHP José Ortíz
Batting: RHB Jimmy Dawson 0-0: Called Strike
0-1: Ball
1-1: Ball
2-1: Called Strike
2-2: Ball
3-2: Strikes out swinging
Batting: LHB Ricardo Collazo 0-0: Ball
1-0: Foul Ball, location: 2F
1-1: Called Strike
1-2: Strikes out looking
Batting: SHB Daryl Lloyd 0-0: Called Strike
0-1: Called Strike
0-2: Ball
1-2: Reached on error, E3 (Groundball, 3)
Pitching: RHP Herman Barnes
Batting: SHB Lupo Cotto 0-0: Ball
1-0: Called Strike
1-1: Ball
2-1: Ball
3-1: Base on Balls
Daryl Lloyd to second
Batting: RHB Jorge Baker 0-0: Ball
1-0: Foul Ball, location: 2F
1-1: Foul Ball, location: 2F
1-2: Foul Ball, location: 2F
1-2: Ball
2-2: SINGLE (Popup, 4MD)
Daryl Lloyd to third
Lupo Cotto to second
Runner from 3rd tries for Home, SAFE, throw made home
Batting: LHB Naohiro Sakai 0-0: Called Strike
0-1: Foul Ball, location: 2F
0-2: Foul Ball, location: 2F
0-2: Fielders Choice at 2nd, 4-6 (Groundball, 4)
Bottom of the 7th over - 1 run(s), 1 hit(s), 1 error(s), 1 left on base; Santa Barbara 4 - Naperville 2
TOP OF THE 8TH
Santa Barbara Golden Cranes batting - Pitching for Naperville Battlekings : RHP Ramón Elizondo
Batting: RHB Pablo Lugo 0-0: Ball
1-0: Ball
2-0: Called Strike
2-1: Foul Ball, location: 2F
2-2: Foul Ball, location: 2F
2-2: Foul Ball, location: 2F
2-2: Ball
3-2: Foul Ball, location: 2F
3-2: Strikes out looking
Batting: RHB Salvador Noriega 0-0: Ball
1-0: Foul Ball, location: 2F
1-1: Ball
2-1: Ground out 5-3 (Groundball, 56)
Batting: RHB Luis Trevino 0-0: Called Strike
0-1: Ball
1-1: SINGLE (Groundball, 56) (infield hit)
Batting: RHB Ángel Ruezga 0-0: Called Strike
0-1: Ball
Luis Trevino steals 2nd base
1-1: Ball
2-1: Foul Ball, location: 2F
2-2: Foul Ball, location: 2F
2-2: SINGLE (Line Drive, 34D)
Luis Trevino to third
Runner from 3rd tries for Home, SAFE, no throw
Batting: LHB Sixto Álvarez 0-0: Called Strike
0-1: Called Strike
0-2: Ground out 5-3 (Groundball, 56D)
Top of the 8th over - 1 run(s), 2 hit(s), 0 error(s), 1 left on base; Santa Barbara 5 - Naperville 2
BOTTOM OF THE 8TH
Naperville Battlekings batting - Pitching for Santa Barbara Golden Cranes : RHP Herman Barnes
Batting: RHB António Guzmán 0-0: Foul Ball, location: 2F
0-1: Foul Ball, location: 2F
0-2: Foul Ball, location: 2F
0-2: Ball
1-2: Foul Ball, location: 2F
1-2: Ball
2-2: Ball
3-2: Strikes out swinging
Batting: RHB Jay Hood 0-0: Ball
1-0: Ball
2-0: Ball
3-0: Called Strike
3-1: Base on Balls
Pitching: RHP Luis Ramos
Batting: RHB Álex Rodríguez 0-0: Ball
1-0: Ball
2-0: Foul Ball, location: 2F
2-1: Called Strike
2-2: Grounds into double play, 6-4-3 (Groundball, 6)
Bottom of the 8th over - 0 run(s), 0 hit(s), 0 error(s), 0 left on base; Santa Barbara 5 - Naperville 2
TOP OF THE 9TH
Santa Barbara Golden Cranes batting - Pitching for Naperville Battlekings : RHP Ramón Elizondo
Pitching: RHP Jorge Vázquez
Batting: RHB Logan Manning 0-0: Ball
1-0: Called Strike
1-1: Foul Ball, location: 2F
1-2: Fly out, F7 (Flyball, 7)
Batting: RHB Rubén Campos 0-0: Ball
1-0: Ball
2-0: Called Strike
2-1: Swinging Strike
2-2: Foul Ball, location: 2F
2-2: SINGLE (Flyball, 9LS)
Batting: RHB Lúcio Sánchez 0-0: Called Strike
0-1: Ball
1-1: Called Strike
1-2: Ball
2-2: Strikes out looking
Batting: RHB Ángel López 0-0: Ball
1-0: Ball
2-0: Fielders Choice at 2nd, 6-4 (Groundball, 6)
Top of the 9th over - 0 run(s), 1 hit(s), 0 error(s), 0 left on base; Santa Barbara 5 - Naperville 2
BOTTOM OF THE 9TH
Naperville Battlekings batting - Pitching for Santa Barbara Golden Cranes : RHP Luis Ramos
Pitching: RHP Alfredo Martínez
Batting: RHB Jimmy Dawson 0-0: Called Strike
0-1: Foul Ball, location: 2F
0-2: Strikes out swinging
Batting: LHB Ricardo Collazo 0-0: Ball
1-0: Foul Ball, location: 2F
1-1: Ball
2-1: Ball
3-1: Swinging Strike
3-2: Ground out 6-3 (Groundball, 6)
Batting: SHB Daryl Lloyd 0-0: Foul Ball, location: 2F
0-1: Ball
1-1: Called Strike
1-2: Ground out 4-3 (Groundball, 4)
Bottom of the 9th over - 0 run(s), 0 hit(s), 0 error(s), 0 left on base; Santa Barbara 5 - Naperville 2
Monday, March 20th, 2017 - OOTP Baseball 17.12 Build 75